 Dungeon Crawl Stone Soup version bcrawl-1.28.1b (webtiles) character file.

Game seed: 15985892155091009740

120028 Morbidden the Sneak (level 5, 39/41 HPs)
             Began as a Demigod Archaeologist on Dec 31, 2020.
             Quit the game in a sewer.
             The game lasted 00:03:51 (3022 turns).

Morbidden the Sneak (Demigod Archaeologist)         Turns: 3022, Time: 00:03:51

Health: 39/41      AC:  6    Str: 14 (17) XL:     5   Next: 5%
Magic:  9/9        EV: 13    Int: 16 (18) God:    Demigod [**....]
Gold:   94         SH:  0    Dex: 14 (15) Spells: 4/4 levels left

rFire    . . .     SeeInvis .   s - -2 mace (curse)
rCold    + . .     Gourm    .   (no shield)
rNeg     . . .     Faith    .   b - +1 robe
rPois    .         Spirit   .   c - +1 hat
rElec    .         Reflect  .   (no cloak)
rCorr    .         Harm     .   (no gloves)
MR       .....                  d - +1 pair of boots
Stlth    +.........             (no amulet)
HPRegen  0.13/turn              j - ring of protection from cold
MPRegen  0.11/turn              (no ring)

@: studying Long Blades, very slow
A: high mp 1
a: Temporal Distortion, Growth


You were in a sewer.
You worshipped Demigod.
Demigod was pleased with you.
You were not hungry.

You visited 1 branch of the dungeon, and saw 3 of its levels.
You also visited: Sewer.

You collected 94 gold pieces.

Inventory:

Hand Weapons
 m - a +0 hand axe
 s - a cursed -2 mace (weapon)
Armour
 b - a +1 robe (worn)
 c - a +1 hat (worn)
 d - a +1 pair of boots (worn)
Jewellery
 j - a ring of protection from cold (left hand)
Scrolls
 g - 3 scrolls of magic mapping
 k - 2 scrolls of amnesia
Potions
 h - 2 potions of degeneration
 i - a potion of haste
 l - a potion of might
 o - a potion of ambrosia {unknown}
 q - a potion of invisibility {unknown}
Books
 f - a manual of Long Blades
Comestibles
 a - 5 chunks of flesh
 e - 8 rations {!d}


   Skills:
 * Level 1.8 Fighting
 + Level 2.6 Maces & Flails
 + Level 3.3 Dodging
 + Level 3.6 Stealth
 * Level 2.1 Invocations


You had 4 spell levels left.
You didn't know any spells.
Your spell library was empty.

Dungeon Overview and Level Annotations

Branches:
Dungeon (3/12)


Innate Abilities, Weirdness & Mutations

You have an increased reservoir of magic. (+10% MP)


Message History

The ooze quivers.
A ball python comes into view.
A leopard gecko comes into view.
There are monsters nearby!
The giant cockroach closely misses you.
The giant cockroach bites you but does no damage.
Found a gate leading back out of this place.
There are monsters nearby!
You closely miss the leopard gecko.
The leopard gecko hisses angrily.
The giant cockroach closely misses you.
The leopard gecko splashes around in the water.
The giant cockroach bites you but does no damage.
You closely miss the leopard gecko.
The ooze quivers.
The leopard gecko closely misses you. The giant cockroach bites you.
You closely miss the leopard gecko. The giant cockroach closely misses you.
The leopard gecko closely misses you.
The giant cockroach bites you but does no damage.
The leopard gecko closely misses you.
Are you sure you want to abandon this character and quit the game? (Confirm with "yes".)

##.∩
##≈≈≈.
#≈≈≈≈≈≈
##..lJ.
##≈..≈≈
#≈≈J≈#
#≈ls#
##≈@#
#≈≈≈#
#≈≈##
##≈.#
##
#≈≈≈#
#≈
#÷÷##
#≈ #.≈#
#≈ #..#
#≈ #≈≈#
#≈


You could see 2 oozes, 2 leopard geckos and a giant cockroach.

Vanquished Creatures
  A river rat (D:3)
  3 adders
  6 oozes
  A worm (D:3)
  A dart slug (D:2)
  5 leopard geckos
  4 orcs
  6 bats
  6 giant cockroaches
  3 goblins (D:1)
  4 hobgoblins
  2 jackals (D:1)
  8 kobolds
  A quokka (D:2)
  8 ball pythons
  8 frilled lizards
  4 rats
71 creatures vanquished.

Notes
Turn   | Place    | Note
-------+----------+-------------------------------------------
     0 | D:1      | Morbidden the Demigod Archaeologist began the quest for the
                  | Orb.
     0 | D:1      | Reached XP level 1. HP: 15/15 MP: 3/3
    11 | D:1      | Reached skill level 1 in Maces & Flails
   237 | D:1      | Reached skill level 1 in Fighting
   237 | D:1      | Reached XP level 2. HP: 22/23 MP: 4/4
   320 | D:1      | Reached skill level 1 in Invocations
   899 | D:2      | Found an iron altar of Okawaru.
  1001 | D:2      | Found a blossoming altar of Fedhas.
  1023 | D:2      | Reached XP level 3. HP: 28/28 MP: 6/6
  1174 | D:2      | Found a hazy altar of Hepliaklqana.
  1419 | D:2      | Reached * piety under Demigod
  2137 | D:3      | Found a glowing drain.
  2157 | D:3      | Reached XP level 4. HP: 20/35 MP: 7/7
  2276 | Sewer    | Entered a sewer
  2974 | Sewer    | Reached ** piety under Demigod
  2980 | Sewer    | Reached XP level 5. HP: 40/41 MP: 9/9
  2980 | Sewer    | Identified a scroll of acquirement
  2980 | Sewer    | Identified the +0 pair of boots of the Barber Surgeon
                  | {Str+4} (You acquired it in a sewer)
  2980 | Sewer    | Identified the ring of Monotheism {Ice rElec rPois Slay-6}
                  | (You acquired it in a sewer)
  3022 | Sewer    | Quit the game

Skill      XL: |  1  2  3  4 |
---------------+-------------+-----
Maces & Flails | 1 2 |  2.6
Fighting       | 1 |  1.8
Dodging        | 3 |  3.3
Invocations    | 1 2 |  2.1
Stealth        | |  3.6

Action                   |  1- 3 |  4- 6 || total
-------------------------+-------+-------++-------
Melee: Whip              |   161 |       ||   161
       Mace              |    18 |   147 ||   165
  Use: Scroll            |     3 |     1 ||     4
       Potion            |       |     3 ||     3
 Stab: Sleeping          |    11 |     1 ||    12
  Eat: Chunk             |     8 |     9 ||    17
Armor: Robe              |    56 |    57 ||   113
Dodge: Dodged            |   130 |   109 ||   239
